MLB
SAN DIEGO PADRES @ LOS ANGELES ANGELS
08/30/2098
 
TOP OF THE 1ST
San Diego Padres batting - Pitching for Los Angeles Angels : LHP Andy Parke
Pitching: LHP Andy Parke
Batting: RHB Avery Thomas 0-0: Swinging Strike
0-1: SINGLE (Line Drive, 9LS, EV 103.1 MPH)
Batting: RHB Maxwell Judson 0-0: Ball
1-0: Ball
2-0: Called Strike
2-1: Swinging Strike
2-2: Ball
3-2: Fly out, F6 (Line Drive, 6, EV 74.4 MPH)
Batting: RHB Chris Santos 0-0: Swinging Strike
0-1: Called Strike
0-2: Ball
1-2: Ball
2-2: Strikes out swinging
Batting: RHB Jose Barillas 0-0: Ball
Avery Thomas is caught stealing 2nd base 2-4
Top of the 1st over - 0 runs, 1 hit, 0 errors, 0 left on base; San Diego 0 - Los Angeles 0
BOTTOM OF THE 1ST
Los Angeles Angels batting - Pitching for San Diego Padres : RHP Jose Benitez
Pitching: RHP Jose Benitez
Batting: LHB Justin Manns 0-0: Ball
1-0: Called Strike
1-1: Foul Ball, location: 7LMF
1-2: Ball
2-2: Strikes out looking
Batting: LHB Ramon Bermudez 0-0: Ground out U3 (Groundball, 34, EV 83.1 MPH)
Batting: LHB Matt Evans 0-0: Called Strike
0-1: Ball
1-1: Ball
2-1: Ball
3-1: Ground out 4-3 (Groundball, 4, EV 88.8 MPH)
Bottom of the 1st over - 0 runs, 0 hits, 0 errors, 0 left on base; San Diego 0 - Los Angeles 0
TOP OF THE 2ND
San Diego Padres batting - Pitching for Los Angeles Angels : LHP Andy Parke
Batting: RHB Jose Barillas 0-0: Ball
1-0: Ball
2-0: Foul Ball, location: 5FF
2-1: Foul Ball, location: 2F
2-2: Strikes out swinging
Batting: RHB Jason Borden 0-0: Called Strike
0-1: Foul Ball, location: 2F
0-2: Ball
1-2: SINGLE (Flyball, 89S, EV 96.3 MPH)
Batting: RHB Anibal Araldes 0-0: Called Strike
0-1: Foul Ball, location: 3SF
0-2: Ball
1-2: Ball
2-2: Foul Ball, location: 2F
2-2: Grounds into double play, 4-6-3 (Groundball, 4S, EV 88.1 MPH)
Top of the 2nd over - 0 runs, 1 hit, 0 errors, 0 left on base; San Diego 0 - Los Angeles 0
BOTTOM OF THE 2ND
Los Angeles Angels batting - Pitching for San Diego Padres : RHP Jose Benitez
Batting: RHB Edgar Pirir 0-0: Foul Ball, location: 9LMF
0-1: Ball
1-1: Foul Ball, location: 5FF
1-2: Foul Ball, location: 5FF
1-2: Foul Ball, location: 2F
1-2: SINGLE (Flyball, 6D, EV 96.9 MPH)
Batting: LHB Trevor Martz 0-0: Foul Ball, location: 2F
0-1: Grounds into double play, 4-6-3 (Groundball, 4, EV 80.6 MPH)
Batting: RHB David Whitehead 0-0: Swinging Strike
0-1: Ground out 4-3 (Groundball, 4, EV 85.0 MPH)
Bottom of the 2nd over - 0 runs, 1 hit, 0 errors, 0 left on base; San Diego 0 - Los Angeles 0
TOP OF THE 3RD
San Diego Padres batting - Pitching for Los Angeles Angels : LHP Andy Parke
Batting: RHB Colby Krant 0-0: Fly out, F4 (Popup, 4S, EV 80.6 MPH)
Batting: RHB Bill Carlisle 0-0: Swinging Strike
0-1: Fly out, F4 (Popup, 4M, EV 53.8 MPH)
Batting: LHB Jamie Wortman 0-0: Ball
1-0: Fly out, F8 (Flyball, 89D, EV 91.9 MPH)
Top of the 3rd over - 0 runs, 0 hits, 0 errors, 0 left on base; San Diego 0 - Los Angeles 0
BOTTOM OF THE 3RD
Los Angeles Angels batting - Pitching for San Diego Padres : RHP Jose Benitez
Batting: RHB Randy Valdez 0-0: Ball
1-0: Ball
2-0: Ball
3-0: Base on Balls
Batting: RHB Juan Cruz 0-0: Bunted foul
0-1: Ball
1-1: Ball
2-1: Sac Bunt to 15S - play at first, batter OUT! 1-4
Randy Valdez to second
Batting: RHB Nick Kirks 0-0: Foul Ball, location: 5FF
0-1: Ball
1-1: Foul Ball, location: 2F
1-2: Foul Ball, location: 2F
1-2: Ball
2-2: Ground out 4-3 (Groundball, 4, EV 76.9 MPH)
Randy Valdez to third
Pitching: RHP Ben Memon
Batting: LHB Justin Manns 0-0: Ball
1-0: Foul Ball, location: 2F
1-1: Called Strike
1-2: Ball
2-2: Ground out 5-3 (Groundball, 5, EV 89.4 MPH)
Bottom of the 3rd over - 0 runs, 0 hits, 0 errors, 1 left on base; San Diego 0 - Los Angeles 0
TOP OF THE 4TH
San Diego Padres batting - Pitching for Los Angeles Angels : LHP Andy Parke
Batting: RHB Avery Thomas 0-0: Foul Ball, location: 2F
0-1: Ball
1-1: Ball
2-1: Ball
3-1: DOUBLE (Line Drive, 9LM, EV 101.9 MPH)
Batting: RHB Maxwell Judson 0-0: Ball
1-0: Called Strike
1-1: Ball
2-1: Foul Ball, location: 2F
2-2: Strikes out swinging
Batting: RHB Chris Santos 0-0: Ball
Wild Pitch!
Avery Thomas to third
1-0: Ball
2-0: Ball
3-0: Called Strike
3-1: Foul Ball, location: 25FF
3-2: Fly out, F9 (Flyball, 89S, EV 76.3 MPH)
Batting: RHB Jose Barillas 0-0: Called Strike
0-1: Ball
1-1: Called Strike
1-2: Foul Ball, location: 2F
1-2: Ball
2-2: Strikes out looking
Top of the 4th over - 0 runs, 1 hit, 0 errors, 1 left on base; San Diego 0 - Los Angeles 0
BOTTOM OF THE 4TH
Los Angeles Angels batting - Pitching for San Diego Padres : RHP Ben Memon
Batting: LHB Ramon Bermudez 0-0: Ball
1-0: Ball
2-0: Called Strike
2-1: Swinging Strike
2-2: Strikes out swinging
Batting: LHB Matt Evans 0-0: Called Strike
0-1: Ball
1-1: Fly out, F8 (Flyball, 8RD, EV 101.3 MPH)
Batting: RHB Edgar Pirir 0-0: Foul Ball, location: 2F
0-1: Ball
1-1: Ball
2-1: Foul Ball, location: 5F
2-2: Foul Ball, location: 2F
2-2: Ground out 6-3 (Groundball, 56, EV 81.9 MPH)
Bottom of the 4th over - 0 runs, 0 hits, 0 errors, 0 left on base; San Diego 0 - Los Angeles 0
TOP OF THE 5TH
San Diego Padres batting - Pitching for Los Angeles Angels : LHP Andy Parke
Batting: RHB Jason Borden 0-0: Ball
1-0: Ball
2-0: Foul Ball, location: 25F
2-1: Ball
3-1: Called Strike
3-2: Fly out, F9 (Line Drive, 9LD, EV 102.5 MPH)
Batting: RHB Anibal Araldes 0-0: Ground out 6-3 (Groundball, 6, EV 82.5 MPH)
Batting: RHB Colby Krant 0-0: Swinging Strike
0-1: Called Strike
0-2: Strikes out swinging
Top of the 5th over - 0 runs, 0 hits, 0 errors, 0 left on base; San Diego 0 - Los Angeles 0
BOTTOM OF THE 5TH
Los Angeles Angels batting - Pitching for San Diego Padres : RHP Ben Memon
Batting: LHB Trevor Martz 0-0: Foul Ball, location: 9LMF
0-1: Called Strike
0-2: SINGLE (Flyball, 9LS, EV 94.4 MPH)
Batting: RHB David Whitehead 0-0: Called Strike
0-1: Foul Ball, location: 3DF
0-2: Ball
1-2: DOUBLE (Line Drive, 9LD, EV 105.0 MPH)
Trevor Martz to third
Batting: RHB Randy Valdez 0-0: Ball
1-0: Ball
2-0: Ball
3-0: Called Strike
3-1: Fly out, F8 (Flyball, 8LD, EV 78.1 MPH)
Runner from 3rd tags up, SCORES, throw by CF
David Whitehead to third
Batting: RHB Juan Cruz 0-0: Ball
1-0: Fly out, F8 (Flyball, 8RM, EV 79.4 MPH)
Runner from 3rd tags up, SCORES, throw by CF
Batting: RHB Nick Kirks 0-0: Ball
1-0: Ball
2-0: Called Strike
2-1: Foul Ball, location: 5FF
2-2: Foul Ball, location: 2LF
2-2: Foul Ball, location: 2F
2-2: Ball
3-2: SOLO HOME RUN (Flyball, 7D, EV 94.4 MPH), Distance : 363 ft
Pitching: RHP Chris Penn
Batting: LHB Justin Manns 0-0: Called Strike
0-1: Called Strike
0-2: Strikes out looking
Bottom of the 5th over - 3 runs, 3 hits, 0 errors, 0 left on base; San Diego 0 - Los Angeles 3
TOP OF THE 6TH
San Diego Padres batting - Pitching for Los Angeles Angels : LHP Andy Parke
Batting: RHB Bill Carlisle 0-0: Ball
1-0: Ball
2-0: Ball
3-0: Base on Balls
Batting: LHB Jamie Wortman 0-0: Grounds into double play, 4-6-3 (Groundball, 4, EV 103.8 MPH)
Batting: RHB Avery Thomas 0-0: Fly out, F8 (Flyball, 8RM, EV 90.6 MPH)
Top of the 6th over - 0 runs, 0 hits, 0 errors, 0 left on base; San Diego 0 - Los Angeles 3
BOTTOM OF THE 6TH
Los Angeles Angels batting - Pitching for San Diego Padres : RHP Chris Penn
Batting: LHB Ramon Bermudez 0-0: Foul Ball, location: 2F
0-1: Ball
1-1: Ball
2-1: Ball
3-1: Swinging Strike
3-2: Strikes out swinging
Batting: LHB Matt Evans 0-0: Ball
1-0: Ball
2-0: Called Strike
2-1: Ball
3-1: Base on Balls
Batting: RHB Edgar Pirir 0-0: Ball
1-0: Swinging Strike
1-1: Foul Ball, location: 23F
1-2: Ball
2-2: Ball
3-2: Fly out, F8 (Flyball, 8RD, EV 85.6 MPH)
Pitching: RHP George Hulings
Batting: LHB Trevor Martz 0-0: Called Strike
0-1: Ball
1-1: Ball
2-1: Ball
3-1: Base on Balls
Matt Evans to second
Batting: RHB David Whitehead 0-0: Hit by Pitch
Matt Evans to third
Trevor Martz to second
Batting: RHB Randy Valdez 0-0: Called Strike
0-1: GRAND SLAM HOME RUN (Flyball, 7D, EV 98.1 MPH), Distance : 377 ft
Batting: RHB Juan Cruz 0-0: Called Strike
0-1: Swinging Strike
0-2: Ball
1-2: Ground out 5-3 (Groundball, 5, EV 82.5 MPH)
Bottom of the 6th over - 4 runs, 1 hit, 0 errors, 0 left on base; San Diego 0 - Los Angeles 7
TOP OF THE 7TH
San Diego Padres batting - Pitching for Los Angeles Angels : LHP Andy Parke
Batting: RHB Maxwell Judson 0-0: Fly out, F2 (Popup, 5SF, EV 88.8 MPH)
Batting: RHB Chris Santos 0-0: Called Strike
0-1: Foul Ball, location: 2F
0-2: Ball
1-2: Strikes out swinging
Batting: RHB Jose Barillas 0-0: Ball
1-0: Ball
2-0: Called Strike
2-1: Ball
3-1: Swinging Strike
3-2: Foul Ball, location: 7LMF
3-2: Base on Balls
Pitching: RHP Paul Pickel
Batting: RHB Jason Borden 0-0: Ball
1-0: Called Strike
1-1: Foul Ball, location: 5F
1-2: Strikes out swinging
Top of the 7th over - 0 runs, 0 hits, 0 errors, 1 left on base; San Diego 0 - Los Angeles 7
BOTTOM OF THE 7TH
Los Angeles Angels batting - Pitching for San Diego Padres : RHP George Hulings
Batting: RHB Nick Kirks 0-0: Ball
1-0: Ball
2-0: Ball
3-0: Called Strike
3-1: Base on Balls
Batting: LHB Justin Manns 0-0: Ball
1-0: Called Strike
1-1: SINGLE (Line Drive, 78S, EV 110.6 MPH)
Nick Kirks to second
Batting: LHB Ramon Bermudez 0-0: SINGLE (Groundball, 6MS, EV 69.4 MPH) (infield hit)
Nick Kirks to third
Justin Manns to second
Pinch Hitting: LHB Matt Davis 0-0: Ball
1-0: Ball
2-0: Called Strike
2-1: Ball
3-1: Grounds into double play, 4-6-3 (Groundball, 4S, EV 83.1 MPH)
Nick Kirks scores
Justin Manns to third
Batting: RHB Edgar Pirir 0-0: Ball
1-0: Foul Ball, location: 5F
1-1: Ground out 4-3 (Groundball, 34D, EV 96.9 MPH)
Bottom of the 7th over - 1 run, 2 hits, 0 errors, 1 left on base; San Diego 0 - Los Angeles 8
TOP OF THE 8TH
San Diego Padres batting - Pitching for Los Angeles Angels : RHP Paul Pickel
Now at 1B: Trevor Martz
Now in LF: Tom Aitken
Batting: RHB Anibal Araldes 0-0: Ball
1-0: Swinging Strike
1-1: Ball
2-1: Swinging Strike
2-2: Foul Ball, location: 5FF
2-2: Ball
3-2: Base on Balls
Batting: RHB Colby Krant 0-0: Ball
1-0: Called Strike
1-1: Ball
2-1: Called Strike
2-2: Strikes out swinging
Batting: RHB Bill Carlisle 0-0: Foul Ball, location: 3SF
0-1: Ball
1-1: Ball
2-1: Grounds into double play, 6-4-3 (Groundball, 6, EV 78.1 MPH)
Top of the 8th over - 0 runs, 0 hits, 0 errors, 0 left on base; San Diego 0 - Los Angeles 8
BOTTOM OF THE 8TH
Los Angeles Angels batting - Pitching for San Diego Padres : RHP George Hulings
Pitching: RHP Dan Ketterer
Batting: LHB Trevor Martz 0-0: Ball
1-0: Ball
2-0: Ground out 6-3 (Groundball, 6, EV 93.1 MPH)
Batting: RHB David Whitehead 0-0: Called Strike
0-1: Hit by Pitch
Batting: RHB Randy Valdez 0-0: Ball
1-0: Ball
2-0: Ball
3-0: Base on Balls
David Whitehead to second
Batting: RHB Juan Cruz 0-0: Ball
1-0: Swinging Strike
1-1: Ball
2-1: Foul Ball, location: 3FF
2-2: Ball
3-2: Strikes out swinging
Batting: RHB Nick Kirks 0-0: Ball
1-0: Swinging Strike
1-1: Swinging Strike
1-2: Strikes out swinging
Bottom of the 8th over - 0 runs, 0 hits, 0 errors, 2 left on base; San Diego 0 - Los Angeles 8
TOP OF THE 9TH
San Diego Padres batting - Pitching for Los Angeles Angels : RHP Paul Pickel
Batting: LHB Jamie Wortman 0-0: Called Strike
0-1: Ball
1-1: Ball
2-1: Ball
3-1: Ground out U3 (Groundball, 34S, EV 86.3 MPH)
Batting: RHB Avery Thomas 0-0: Ground out 5-3 (Groundball, 5S, EV 83.1 MPH)
Batting: RHB Maxwell Judson 0-0: Ball
1-0: Ball
2-0: Called Strike
2-1: Swinging Strike
2-2: Strikes out swinging
Top of the 9th over - 0 runs, 0 hits, 0 errors, 0 left on base; San Diego 0 - Los Angeles 8
Sunday, April 14th , 2024 - OOTP Baseball 24.11 Build 85